AoeStats
← Jiro

Arena

509390473Analyzed
4v4 RM · 5d ago on Sep 26, 2026· 45m 26s· 8 players
Game mode
Random Map
Map size
Large (8 player)
Population
200
Speed
Normal
Resources
Standard
Victory
Conquest
Starting age
Dark Age
Ending age
Imperial Age
RankedLock teamsTeams togetherTeam positionsShared explorationLock speedFull tech treeHidden civsTurbo modeCheats
Victory
Defeat
🇨🇱 Slavs · Chile
864
+10
🇦🇷 Chinese · Argentina
864
+10
🇦🇷 Cumans · Argentina
796
+13
🇨🇿 Mongols · Czechia
786
+13
🇹🇷 Franks · Türkiye
808
-14
🇲🇽 Britons · Mexico
728
-12
🇺🇸 Saracens · United States
693
-10
🇺🇸 Malians · United States
691
-10
Dearboy
0:50 Loom
10:46 Feudal Age
11:24 Double-Bit Axe
11:21 Horse Collar
11:34 Gold Mining
13:43 Wheelbarrow
21:57 Castle Age
21:29 Stone Mining
21:39 Town Watch
23:03 Hand Cart
24:09 Heavy Plow
24:22 Bow Saw
25:24 Ballistics
25:14 Scale Barding Armor
25:19 Forging
27:03 Chain Barding Armor
26:43 Padded Archer Armor
28:07 Gold Shaft Mining
31:50 Imperial Age
29:17 Fletching
29:59 Bloodlines
31:04 Iron Casting
30:25 Bodkin Arrow
30:10 Light Cavalry
31:43 Steppe Husbandry
32:24 Cavalier
34:11 Two-Man Saw
33:46 Crop Rotation
34:02 Plate Barding Armor
35:17 Conscription
36:03 Chemistry
35:26 Elite Kipchak
36:41 Hoardings
36:15 Paladin
37:26 Sappers
38:31 Hoardings
39:23 Hussar
41:44 Blast Furnace
41:00 Leather Archer Armor
41:03 Masonry
<Jericho 941>
1:24 Loom
12:27 Feudal Age
13:10 Horse Collar
13:17 Double-Bit Axe
13:26 Gold Mining
13:02 Man-at-Arms
20:37 Castle Age
18:42 Fletching
20:03 Stone Mining
20:30 Padded Archer Armor
20:41 Forging
22:01 Bow Saw
21:49 Bodkin Arrow
22:04 Heavy Plow
23:08 Squires
23:02 Crossbowman
23:49 Town Watch
24:21 Scale Mail Armor
24:10 Long Swordsman
27:22 Leather Archer Armor
27:43 Iron Casting
28:33 Ballistics
30:18 Elite Skirmisher
31:07 Scale Barding Armor
34:07 Imperial Age
GerAoe
0:28 Loom
9:59 Feudal Age
11:47 Town Watch
13:09 Wheelbarrow
19:26 Castle Age
17:50 Stone Mining
18:32 Double-Bit Axe
18:46 Fletching
18:58 Padded Archer Armor
20:36 Bodkin Arrow
23:14 Bow Saw
22:46 Horse Collar
24:34 Leather Archer Armor
33:17 Imperial Age
34:13 Bracer
37:15 Ring Archer Armor
40:52 Two-Man Saw
41:00 Thumb Ring
42:45 Chemistry
42:23 Ballistics
43:44 Rocketry
CaukyMnauky
9:03 Feudal Age
9:48 Horse Collar
9:56 Double-Bit Axe
17:38 Castle Age
16:04 Stone Mining
16:12 Gold Mining
19:11 Heavy Plow
19:23 Bow Saw
19:57 Stone Shaft Mining
20:02 Gold Shaft Mining
25:13 Fletching
26:50 Wheelbarrow
26:04 Loom
28:03 Hand Cart
33:06 Imperial Age
31:00 Ballistics
31:11 Thumb Ring
33:42 Padded Archer Armor
33:38 Bodkin Arrow
33:49 Scale Barding Armor
35:01 Parthian Tactics
36:11 Elite Mangudai
38:04 Leather Archer Armor
37:49 Bracer
38:10 Chain Barding Armor
38:52 Chemistry
38:17 Drill
38:35 Hoardings
38:59 Town Watch
Zukomazi
12:29 Feudal Age
13:57 Double-Bit Axe
16:48 Castle Age
15:02 Horse Collar
17:57 Heavy Plow
17:55 Loom
18:24 Bow Saw
18:13 Town Watch
21:19 Town Watch
23:58 Fletching
24:38 Gold Mining
26:12 Forging
31:05 Imperial Age
29:54 Scale Mail Armor
30:30 Iron Casting
31:22 Tigui
31:21 Pikeman
32:02 Squires
31:47 Arson
33:02 Chain Mail Armor
37:35 Wheelbarrow
37:01 Town Patrol
37:13 Capped Ram
40:28 Conscription
inquicidor123
0:50 Loom
13:20 Feudal Age
13:52 Double-Bit Axe
16:35 Gold Mining
16:32 Horse Collar
17:32 Wheelbarrow
18:27 Fletching
23:38 Castle Age
21:39 Man-at-Arms
22:28 Padded Archer Armor
23:27 Stone Mining
23:59 Crossbowman
25:21 Bodkin Arrow
25:29 Arson
25:50 Squires
26:13 Bow Saw
27:09 Long Swordsman
32:11 Leather Archer Armor
31:44 Gambesons
35:05 Pikeman
39:02 Imperial Age
37:14 Gold Shaft Mining
38:19 Ballistics
39:46 Forging
39:37 Scale Mail Armor
39:19 Elite Skirmisher
vkoni1997
7:08 Loom
15:39 Feudal Age
21:45 Castle Age
20:45 Double-Bit Axe
20:54 Horse Collar
21:51 Stone Mining
21:55 Gold Mining
28:20 Gold Shaft Mining
30:43 Wheelbarrow
32:04 Bow Saw
36:50 Heavy Plow
39:50 Imperial Age
39:23 Fortified Wall
40:14 Forging
Jiro
0:28 Loom
11:44 Feudal Age
12:14 Double-Bit Axe
13:11 Wheelbarrow
12:21 Town Watch
14:33 Gold Mining
14:55 Stone Mining
19:11 Castle Age
17:53 Stone Mining
20:10 Bow Saw
20:47 Gold Shaft Mining
21:58 Hand Cart
26:23 Town Patrol
30:53 Murder Holes
31:09 Fortified Wall
30:53 Pikeman
31:34 Squires
36:06 Imperial Age
35:03 Treadmill Crane
35:33 Masonry
35:44 Ballistics
36:26 Cavalier
37:07 Husbandry
41:35 Paladin
Connection lost

Rejoining the realm…

Still unreachable

The connection could not be restored.

Session expired

The server has moved on; the page needs a fresh start.